 Dungeon Sprint DCSS version 0.23.0 (webtiles) character file.

Game seed: 13638964678363907257

1520 Kairos the Blocker (level 9, -17/78 HPs)
             Began as a Formicid Fighter on Feb 12, 2019.
             Was a High Priest of the Shining One.
             Demolished by a greater mummy
             ... wielding a +0 rapier of speed
              (19 damage)
             ... in the Dungeon (Sprint V: "Ziggurat Sprint").
             The game lasted 00:07:34 (728 turns).

Kairos the Blocker (Formicid Fighter)                Turns: 728, Time: 00:07:34

Health: -17/78     AC: 24    Str: 37    XL:     9   Next: 10%
Magic:  12/12      EV:  2    Int:  7    God:    the Shining One [*****.]
Gold:   0          SH: 32    Dex: 10    Spells: 12/12 levels left

rFire    + . .     SeeInvis +   H - +9 heavy crossbow "Sniper" {velocity, Acc+∞ SInv}
rCold    + . .     Gourm    .   G - +18 shield of the Gong {rElec rN+ MR+ EV-5}
rNeg     + + +     Faith    .   a - +5 gold dragon scales
rPois    +         Spirit   .   (helmet unavailable)
rElec    +         Reflect  .   (no cloak)
rCorr    .         Harm     .   (no gloves)
MR       +....                  N - +0 pair of boots {Stlth+}
Stlth    ..........             (no amulet)
HPRegen  0.23/turn              B - +6 ring of strength
MPRegen  0.13/turn              C - +6 ring of strength

@: lethally poisoned (-17 -> -47), glowing
A: permanent stasis, dig shafts and tunnels, four strong arms, antennae 3
a: Dig, Divine Shield, Cleansing Flame, Summon Divine Warrior, Renounce Religion


You were in the Dungeon.
You worshipped the Shining One.
The Shining One was extremely pleased with you.
You were not hungry.

You visited 1 branch

Inventory:

Hand Weapons
 c - a +9 executioner's axe
 D - the +8 glaive "Sost" {chop, rElec rF- rC+}
   (You found it in the Dungeon)

   It inflicts extra damage upon your enemies.
   It makes you vulnerable to fire.
   It protects you from cold.
   It insulates you from electricity.
 E - the +9 quarterstaff "Fudeesm" {flame, rElec Dex+3 Stlth+}
   (You found it in the Dungeon)

   It has been specially enchanted to burn those struck by it, causing extra
   injury to most foes and up to half again as much damage against particularly
   susceptible opponents.
   It affects your dexterity (+3).
   It insulates you from electricity.
   It makes you more stealthy.
 H - the +9 heavy crossbow "Sniper" (weapon) {velocity, Acc+∞ SInv}
   (You found it in the Dungeon)

   Any bolt fired from it inflicts extra damage.
   It lets you see invisible.
 I - the +7 great mace "Firestarter" {inner flame, rF++}
   (You found it in the Dungeon)

   It has been specially enchanted to burn those struck by it, causing extra
   injury to most foes and up to half again as much damage against particularly
   susceptible opponents.
   It greatly protects you from fire.
 J - the +8 lance "Wyrmbane" {slay drac, rPois rF+ rC+ AC+3}
   (You found it in the Dungeon)

   It affects your AC (+3).
   It protects you from fire.
   It protects you from cold.
   It protects you from poison.
Missiles
 L - 993 bolts (quivered)
Armour
 a - +5 gold dragon scales (worn)
 b - +5 shadow dragon scales
 F - the +15 Maxwell's patent armour {-Cast -Tele rElec MR+ rCorr}
   (You found it in the Dungeon)

   It insulates you from electricity.
   It affects your resistance to hostile enchantments.
   It prevents spellcasting.
   It prevents most forms of teleportation.
   It provides partial protection from all sources of acid and corrosion.
 G - the +18 shield of the Gong (worn) {rElec rN+ MR+ EV-5}
   (You found it in the Dungeon)

   It affects your evasion (-5).
   It insulates you from electricity.
   It protects you from negative energy.
   It affects your resistance to hostile enchantments.
 K - a +3 large shield
 N - a +0 pair of boots of stealth (worn)
Jewellery
 x - a +6 ring of dexterity
 y - a +6 ring of dexterity
 z - a +6 ring of intelligence
 A - a +6 ring of intelligence
 B - a +6 ring of strength (left hand)
 C - a +6 ring of strength (right hand)
Wands
 u - a wand of disintegration (7)
 v - a wand of iceblast (7)
 w - a wand of acid (7)
Scrolls
 j - 4 scrolls of amnesia
 k - 7 scrolls of fog
 l - a scroll of holy word
 m - 5 scrolls of identify
 n - 5 scrolls of remove curse
 o - 2 scrolls of fear
Potions
 d - 6 potions of might
 e - 10 potions of curing
 g - 10 potions of heal wounds
 i - 7 potions of magic
 p - 2 potions of brilliance
 q - 2 potions of invisibility
 r - 4 potions of resistance
 t - 5 potions of agility
Miscellaneous
 h - a fan of gales
 s - a box of beasts
Comestibles
 f - 7 rations


   Skills:
 + Level 10.0 Fighting
 + Level 4.9 Axes
 + Level 2.2 Staves
 + Level 8.3 Crossbows
 + Level 10.4 Armour
 + Level 1.7 Dodging
 + Level 2.6 Stealth
 + Level 12.3 Shields
 + Level 2.0 Spellcasting
 + Level 2.2 Evocations


You had 12 spell levels left.
You didn't know any spells.
Your spell library contained the following spells:

 Spells                   Type           Power        Failure   Level  Hunger
 Sting                    Conj/Pois      #...         99%         1    ##.....
 Poisonous Vapours        Pois/Air       #.....       100%        2    ###....
 Mephitic Cloud           Conj/Pois/Air  #.......     100%        3    ####...
 Olgreb's Toxic Radiance  Pois           #.......     100%        4    #####..
 Venom Bolt               Conj/Pois      #.........   100%        5    ######.
 Haunt                    Necr/Summ      #.........   100%        7    #######
 Borgnjor's Revivificati  Necr           #.........   100%        8    #######
 Death's Door             Chrm/Necr      #.........   100%        8    #######
 Infestation              Necr           #.........   100%        8    #######
 Necromutation            Tmut/Necr      #.........   100%        8    #######


Dungeon Overview and Level Annotations

Branches:
Dungeon (1/1)

Altars:
Ashenzari
Cheibriados
Dithmenos
Elyvilon
Fedhas
Gozag
Hepliaklqana
Kikubaaqudgha
Makhleb
Nemelex Xobeh
Okawaru
Qazlal
Ru
Sif Muna
Trog
Uskayaw
Vehumet
Wu Jian
Xom
Yredelemnul
Zin
The Shining One
Beogh
Jiyva
Lugonu


Innate Abilities, Weirdness & Mutations

You cannot be hasted, slowed, berserked, paralysed or teleported.
You can dig through walls and to a lower floor.
Your four strong arms can wield two-handed weapons with a shield.
You have a pair of large antennae on your head. (SInv)


Message History

You feel extremely sick.
The emperor scorpion stings you but does no damage.
You block the emperor scorpion's attack.
PTOANNNG!
The emperor scorpion claws you but does no damage.
The greater mummy hits you with a +0 rapier of speed!!
* * * LOW HITPOINT WARNING * * *
You block the emperor scorpion's attack.
SHROANNG!
The emperor scorpion claws you.
* * * LOW HITPOINT WARNING * * *
The emperor scorpion claws you.
* * * LOW HITPOINT WARNING * * *
The emperor scorpion stings you but does no damage.
The emperor scorpion claws you!
* * * LOW HITPOINT WARNING * * *
You block the emperor scorpion's attack.
GONNNNG!
The greater mummy hits you with a +0 rapier of speed!!
You die... {{{{

▓..|)[..▓
{{{
▓..[.=..▓
▓...(...▓
▓.......▓
▓...M...▓
▓..ssMM.▓
▓.▓ss§▓.▓
▓.M@ss§.▓
▓▓▓▓▓▓▓▓▓
{ {{{ {{{


You could see a greater mummy, 6 emperor scorpions and 3 mummies.

Vanquished Creatures
  A two-headed ogre (D)
  A yak (D)
  A naga (D)
  A porcupine (D)
  2 floating eyes (D)
  2 ogres (D)
  A necrophage (D)
  An iguana (D)
  A mummy (D)
  2 adders (D)
  A river rat (D)
  2 oozes (D)
  An adder zombie (D)
  2 ball pythons (D)
  A giant cockroach zombie (D)
20 creatures vanquished.

Notes
Turn   | Place    | Note
-------+----------+-------------------------------------------
     0 | D        | Found the +7 great mace "Firestarter" {inner flame, rF++}
     0 | D        | Kairos the Formicid Fighter began the quest for the Orb.
     0 | D        | Reached XP level 1. HP: 18/18 MP: 1/1
    19 | D        | Found a blossoming altar of Fedhas.
    20 | D        | Found a viscous altar of Jiyva.
    20 | D        | Found a hazy altar of Hepliaklqana.
    20 | D        | Found a transporter.
    20 | D        | Found an opulent altar of Gozag.
    20 | D        | Found an ancient bone altar of Kikubaaqudgha.
    20 | D        | Found a corrupted altar of Lugonu.
    30 | D        | Found a burning altar of Makhleb.
    31 | D        | Found an iron altar of Okawaru.
    31 | D        | Found a stormy altar of Qazlal.
    31 | D        | Found a sparkling altar of Nemelex Xobeh.
    31 | D        | Found a sacrificial altar of Ru.
    31 | D        | Found a deep blue altar of Sif Muna.
    33 | D        | Found a bloodstained altar of Trog.
    55 | D        | Found the +9 heavy crossbow "Sniper" {velocity, Acc+∞ SInv}
    55 | D        | Found the +10 dark maul {crush}
    55 | D        | Found the +15 Maxwell's patent armour {-Cast -Tele rElec
                  | MR+ rCorr}
    55 | D        | Found the +18 shield of the Gong {rElec rN+ MR+ EV-5}
    55 | D        | Found the cursed +14 obsidian axe {chop, +Fly SInv *Curse}
    55 | D        | Got the +9 quarterstaff "Fudeesm" {flame, rElec Dex+3
                  | Stlth+}
    57 | D        | Found the +6 shillelagh "Devastator" {shatter}
    57 | D        | Found the +11 plutonium sword {*Contam Stlth-}
    57 | D        | Found the +8 lance "Wyrmbane" {slay drac, rPois rF+ rC+
                  | AC+3}
    57 | D        | Found the +9 sword of Zonguldrok {reap}
    57 | D        | Found the cursed +13 scythe of Curses {drain, *Curse}
    57 | D        | Found the +0 sword of Power
    57 | D        | Found the +7 mace of Variability {chain chaos}
    57 | D        | Found the +7 Singing Sword {slice, sonic wave}
    57 | D        | Found the +7 longbow "Piercer" {penet, EV-2}
   143 | D        | Reached skill level 1 in Dodging
   143 | D        | Reached skill level 4 in Shields
   143 | D        | Reached XP level 2. HP: 25/25 MP: 1/5
   194 | D        | Became a worshipper of the Shining One
   217 | D        | Entered arena 2.
   217 | D        | Noticed a necrophage
   217 | D        | Reached * piety under the Shining One
   217 | D        | Found a transporter.
   219 | D        | Killed a necrophage
   219 | D        | Reached skill level 5 in Fighting
   219 | D        | Reached skill level 5 in Armour
   219 | D        | Reached skill level 6 in Shields
   219 | D        | Reached XP level 3. HP: 34/34 MP: 6/6
   219 | D        | Reached XP level 4. HP: 40/40 MP: 7/7
   238 | D        | Entered arena 3.
   238 | D        | Noticed an ogre
   238 | D        | Reached ** piety under the Shining One
   238 | D        | Noticed a two-headed ogre
   238 | D        | Noticed an ogre
   238 | D        | Found a transporter.
   239 | D        | Killed an ogre
   239 | D        | Reached skill level 7 in Shields
   239 | D        | Reached XP level 5. HP: 47/47 MP: 8/8
   245 | D        | Killed a two-headed ogre
   245 | D        | Reached skill level 1 in Staves
   245 | D        | Reached skill level 11 in Shields
   245 | D        | Reached XP level 6. HP: 3/58 MP: 9/9
   245 | D        | Reached XP level 7. HP: 4/64 MP: 10/10
   245 | D        | Reached XP level 8. HP: 4/71 MP: 11/11
   621 | D        | Entered arena 4.
   621 | D        | Found a transporter.
   649 | D        | Entered arena 5.
   649 | D        | Reached *** piety under the Shining One
   649 | D        | Noticed a yak
   649 | D        | Found a transporter.
   650 | D        | Found the +8 autumn katana {slice, Clar}
   651 | D        | Killed a yak
   651 | D        | Reached skill level 10 in Armour
   652 | D        | Reached skill level 12 in Shields
   667 | D        | Got the +8 glaive "Sost" {chop, rElec rF- rC+}
   680 | D        | Entered arena 6.
   680 | D        | Found a transporter.
   682 | D        | Reached XP level 9. HP: 73/78 MP: 12/12
   685 | D        | Reached skill level 10 in Fighting
   706 | D        | Got the +7 hunting sling of a sewer {speed, rF+}
   722 | D        | Entered arena 7.
   722 | D        | Reached **** piety under the Shining One
   722 | D        | Noticed a greater mummy
   722 | D        | Reached ***** piety under the Shining One
   726 | D        | Noticed an emperor scorpion
   726 | D        | Noticed an emperor scorpion
   726 | D        | Noticed an emperor scorpion
   726 | D        | Noticed an emperor scorpion
   726 | D        | Noticed an emperor scorpion
   726 | D        | Noticed an emperor scorpion
   726 | D        | Noticed an emperor scorpion
   726 | D        | Noticed an emperor scorpion
   728 | D        | HP: 2/78 [emperor scorpion[a greater mummy] (9)]
   728 | D        | Demolished by a greater mummy

Skill      XL: |  1  2  3  4  5  6  7  8  9 |
---------------+----------------------------+-----
Fighting       | 4 5 6 9 10 | 10.0
Axes           | 3 4 |  4.9
Crossbows      | 3 6 7 8 |  8.3
Armour         | 4 5 6 9 10 | 10.4
Dodging        | 1 |  1.7
Stealth        | 2 |  2.6
Shields        | 4 6 7 11 12 | 12.3
Spellcasting   | 2 |  2.0
Evocations     | 2 |  2.2
Staves         | 1 2 |  2.2

Action                   |  1- 3 |  4- 6 |  7- 9 || total
-------------------------+-------+-------+-------++-------
Melee: Quarterstaff      |       |     1 |     1 ||     2
 Fire: Heavy crossbow    |     2 |     6 |    21 ||    29
  Use: Potion            |     1 |       |       ||     1
       Scroll            |       |       |     4 ||     4
Armor: Gold dragon scale |       |     3 |    11 ||    14
Dodge: Dodged            |       |       |     1 ||     1
Block: Shield            |       |    18 |    41 ||    59
